 Dungeon Sprint DCSS version 0.30-a0-272-gf98c3da03f (webtiles) character file.

Game seed: 2376581280922953496

699 Low2 the Fighter (level 7, -5/73 HPs)
             Began as a Hill Orc Fighter on Oct 15, 2022.
             Was a Priest of Uskayaw.
             Slain by a sixfirhy (9 damage)
             ... summoned by a kobold demonologist
             ... in the Dungeon (Sprint I: "Red Sonja").
             The game lasted 00:03:57 (547 turns).

Low2 the Fighter (Hill Orc Fighter)                  Turns: 547, Time: 00:04:02

Health: -5/73      AC:  8    Str: 21    XL:     7   Next: 65%
Magic:  2/7        EV: 10    Int:  8    God:    Uskayaw [***...]
Gold:   280        SH:  6    Dex: 10    Spells: 6/6 levels left

rFire   . . .      SeeInvis .    a - +0 war axe
rCold   . . .      Faith    .    c - +0 buckler
rNeg    . . .      Spirit   .    b - +0 scale mail
rPois   .          Reflect  .    (no helmet)
rElec   .          Harm     .    f - scarf {repulsion}
rCorr   .          Rampage  .    (no gloves)
Will    .....      NoTele   +    (no boots)
Stlth   ..........               (no amulet)
HPRegen 0.32/turn                (no ring)
MPRegen 0.10/turn                (no ring)

@: repel missiles
A: no striking features
a: Renounce Religion, Stomp, Line Pass


You were in the Dungeon.
You worshipped Uskayaw.
Uskayaw was noncommittal.
You visited 1 branch You collected 424 gold pieces.
You spent 144 gold pieces at shops.

Inventory:

Hand Weapons
 a - a +0 war axe (weapon)
Armour
 b - a +0 scale mail (worn)
 c - a +0 buckler (worn)
 f - a scarf of repulsion (worn)
Wands
 d - a wand of light (9) (quivered)
Potions
 h - 2 potions of magic


   Skills:
 + Level 10.9 Fighting
 + Level 9.4 Axes
 + Level 10.2 Armour
 + Level 1.2 Dodging
 + Level 0.7 Stealth
 + Level 9.0 Shields


You had 6 spell levels left.
You didn't know any spells.
Your spell library was empty.

Dungeon Overview and Level Annotations

Branches:
Dungeon (1/1)

Altars:
Cheibriados
Dithmenos
Elyvilon
Fedhas
Gozag
Hepliaklqana
Kikubaaqudgha
Makhleb
Nemelex Xobeh
Okawaru
Qazlal
Ru
Sif Muna
Trog
Uskayaw
Vehumet
Wu Jian
Xom
Yredelemnul
Zin
The Shining One
Jiyva
Lugonu

Shops:
D [


Message History

Aiming: Bolt of Light
Press: ? - help, Q - select action, (/) - cycle Shift-Dir - straight line, f - sixfirhy
Aim: a sixfirhy (lightly wounded, summoned, 38% to hit)
The bolt of light hits the sixfirhy!
The sixfirhy is moderately wounded.
The sixfirhy is blinded.
The bolt of light misses the ufetubus.
Aiming: Bolt of Light
Press: ? - help, Q - select action, (/) - cycle Shift-Dir - straight line, f/p - sixfirhy
Aim: a sixfirhy (moderately wounded, summoned, blind, 38% to hit)
The bolt of light hits the sixfirhy!
The sixfirhy is severely wounded.
The bolt of light misses the ufetubus.
You can now pass through a line of other dancers.
Okay, then.
Aiming: Bolt of Light
Press: ? - help, Q - select action, (/) - cycle Shift-Dir - straight line, f/p - sixfirhy
Aim: a sixfirhy (severely wounded, summoned, blind, 38% to hit)
The bolt of light hits the ufetubus!
You kill the ufetubus!
The ufetubus disappears in a puff of smoke!
The bolt of light hits the sixfirhy!
The sixfirhy is almost dead.
The bolt of light misses the ufetubus.
The sixfirhy barely misses you.
The kobold demonologist looks satisfied for a moment.
The sixfirhy barely misses you.
The ynoxinul gestures.
Uskayaw will force your foes to helplessly watch your dance.
Uskayaw prepares the audience for your solo!
Aiming: Bolt of Light
Press: ? - help, Q - select action, (/) - cycle Shift-Dir - straight line, f/p - sixfirhy
Aim: a sixfirhy (almost dead, summoned, paralysed, blind, 100% to hit)
Okay, then.
The chaos spawn is no longer paralysed.
The sixfirhy is no longer paralysed.
The kobold demonologist is no longer paralysed.
The ynoxinul is no longer paralysed.
The sixfirhy misses you. x2
The sixfirhy hits you!
* * * LOW HITPOINT WARNING * * *
The sixfirhy shocks you!
You die...

##########################
#<.#..)..#..'..#__#3K'KK.#
#..'..#..').#@3'55554#44.#
#.)#####'#####'#_5#### 55+
#..####..#...#.#### ##
#..#__####..##.#
#..#_____##'#_.+
#⌠⌠#_.∩...'..._#
####_..__##_.#'#
#_____###+#.# ####### ###


You could see a kobold demonologist, a sixfirhy (summoned, blind), a ynoxinul
(summoned), a chaos spawn (summoned) and 5 ufetubi.

Vanquished Creatures
  A slime creature (D)
  A yak (D)
  Sigmund (D)
  A floating eye (D)
  An ogre (D)
  A jelly (D)
  Ijyb (D)
7 creatures vanquished.

Notes
Turn   | Place    | Note
-------+----------+-------------------------------------------
     0 | D        | Low2 the Hill Orc Fighter began the quest for the Orb.
     0 | D        | Reached XP level 1. HP: 19/19 MP: 1/1
     2 | D        | Noticed Ijyb
    24 | D        | Killed Ijyb
    25 | D        | Reached skill level 5 in Fighting
    25 | D        | Reached XP level 2. HP: 28/29 MP: 2/2
    25 | D        | Reached XP level 3. HP: 34/36 MP: 3/3
    33 | D        | Noticed an ogre
    38 | D        | Killed an ogre
    39 | D        | Reached XP level 4. HP: 44/45 MP: 4/4
    98 | D        | Noticed Sigmund
   108 | D        | Killed Sigmund
   109 | D        | Reached skill level 5 in Axes
   109 | D        | Reached XP level 5. HP: 35/56 MP: 5/5
   109 | D        | Reached XP level 6. HP: 38/62 MP: 6/6
   208 | D        | Found an ornate altar of the Wu Jian Council.
   208 | D        | Found a shimmering blue altar of Sif Muna.
   210 | D        | Found a radiant altar of Vehumet.
   253 | D        | Found Xisuegg's Antique Armour Emporium.
   253 | D        | Found an ancient bone altar of Kikubaaqudgha.
   253 | D        | Found a hazy altar of Hepliaklqana.
   253 | D        | Found a stormy altar of Qazlal.
   253 | D        | Found a hide-covered altar of Uskayaw.
   253 | D        | Found a blossoming altar of Fedhas.
   253 | D        | Found a bloodstained altar of Trog.
   253 | D        | Found an iron altar of Okawaru.
   253 | D        | Found a basalt altar of Yredelemnul.
   253 | D        | Found a glowing golden altar of the Shining One.
   253 | D        | Found a snail-covered altar of Cheibriados.
   253 | D        | Found a sacrificial altar of Ru.
   253 | D        | Found a glowing silver altar of Zin.
   253 | D        | Found a shadowy altar of Dithmenos.
   253 | D        | Found a white marble altar of Elyvilon.
   253 | D        | Noticed a yak
   258 | D        | Killed a yak
   259 | D        | Reached skill level 10 in Fighting
   259 | D        | Reached XP level 7. HP: 50/72 MP: 7/7
   259 | D        | Found an opulent altar of Gozag.
   328 | D        | Found a sparkling altar of Nemelex Xobeh.
   334 | D        | Bought a glowing scarf for 144 gold pieces
   343 | D        | Became a worshipper of Uskayaw the Reveller
   359 | D        | Found a burning altar of Makhleb.
   359 | D        | Found a viscous altar of Jiyva.
   359 | D        | Found a shimmering altar of Xom.
   359 | D        | Found a corrupted altar of Lugonu.
   359 | D        | Noticed a slime creature
   364 | D        | Reached * piety under Uskayaw
   367 | D        | Reached ** piety under Uskayaw
   371 | D        | Reached *** piety under Uskayaw
   372 | D        | Killed a slime creature
   373 | D        | Reached skill level 10 in Armour
   373 | D        | Reached skill level 1 in Dodging
   532 | D        | Noticed a kobold demonologist
   532 | D        | Noticed a kobold demonologist
   533 | D        | Noticed a chaos spawn
   535 | D        | Noticed an orange demon
   536 | D        | Noticed a sixfirhy
   543 | D        | Noticed a ynoxinul
   547 | D        | Slain by a sixfirhy

Illustrated notes

Levels and vault maps discovered:
D:        dungeon_sprint_1 [red_sonja_temple_1, red_sonja_temple_small_1]

Skill      XL: |  1  2  3  4  5  6  7 |
---------------+----------------------+-----
Fighting       | 5 6 8 10 | 10.9
Axes           | 3 4 5 7 9 |  9.4
Armour         | 4 6 8 9 10 | 10.2
Shields        | 4 6 7 8 9 |  9.0
Dodging        | 1 |  1.2
Stealth        | |  0.7

Action                   |  1- 3 |  4- 6 |  7- 9 || total
-------------------------+-------+-------+-------++-------
Melee: War axe           |    11 |    17 |    19 ||    47
Invok: Stomp             |       |       |     2 ||     2
Evoke: Wand              |       |       |     3 ||     3
  Use: Potion            |     4 |     1 |     1 ||     6
       Scroll            |       |       |     1 ||     1
 Stab: Paralysed         |       |       |     1 ||     1
Armor: Scale mail        |     5 |     2 |     8 ||    15
Dodge: Dodged            |     7 |     4 |    12 ||    23
Block: Buckler           |       |     4 |     2 ||     6

Table legend: (Time is in decaauts)
 A = Elapsed time spent in this place.
 B = Non-inter-level travel time spent in this place.
 C = Inter-level travel time spent in this place.
 D = Time resting spent in this place.
 E = Time spent auto-exploring this place.
 F = Levels seen in this place.
 G = Mean time per level.
                   A        B        C        D        E       F      G
               +--------+--------+--------+--------+--------+-----+--------+
         Total |    550 |    550 |      0 |    291 |      0 |   1 |  550.0 |
       Dungeon |    550 |    550 |      0 |    291 |      0 |   1 |  550.0 |
               +--------+--------+--------+--------+--------+-----+--------+

Top non-repeatable levels by time:
       D: 550 daAuts
